 Dungeon Crawl Stone Soup version 0.20.0-15-g7f486f2 (webtiles) character file.

201 KleinerIrrer the Insei (level 5, -1/33 HPs)
             Began as an Octopode Transmuter on July 1, 2017.
             Slain by a crimson imp (2 damage)
             ... summoned by Natasha
             ... on level 2 of the Dungeon.
             The game lasted 00:06:21 (2428 turns).

KleinerIrrer the Insei (Octopode Transmuter)        Turns: 2428, Time: 00:06:22

Health: -1/33      AC:  1    Str: 11    XL:     5   Next: 79%
Magic:  8/8        EV: 14    Int: 15    God:
Gold:   72         SH:  0    Dex: 12    Spells: 2/8 levels left

rFire    . . .     SeeInvis .   i - +1 short sword (vamp)
rCold    . . .     Gourm    .   (no shield)
rNeg     . . .     Faith    .   (helmet restricted)
rPois    .         Spirit   .   (no amulet)
rElec    .         Reflect  .   (no ring)
rCorr    .         Harm     .   (no ring)
MR       .....                  (no ring)
Stlth    +++.......             (no ring)
Regen    0.2/turn               (no ring)
MPRegen  0.2/turn               (no ring)
                                (no ring)
                                (no ring)

@: appendage (expiring), slowed, very slow
A: almost no armour, stealthy swim, amphibious, 8 rings, constrict 8, tentacle
spike 3, camouflage 1, gelatinous body 1
a: End Transformation


You were on level 2 of the Dungeon.
You were not hungry.
One of your tentacles had a temporary spike.
You visited 1 branch of the dungeon, and saw 2 of its levels.

You collected 72 gold pieces.

Inventory:

Hand Weapons
 i - a +1 vampiric short sword (weapon)
Missiles
 a - 7 arrows
Scrolls
 e - 2 scrolls of remove curse {unknown}
 g - 6 scrolls of identify {unknown}
Potions
 d - 2 potions of curing {unknown}
 h - a potion of heal wounds {unknown}
 j - a potion of lignification {unknown}
 l - a potion of agility {unknown}
Books
 b - a book of Changes

   Spells                             Type                      Level
   a - Beastly Appendage              Transmutation                1
   b - Sticks to Snakes               Transmutation                2
   c - Spider Form                    Transmutation/Poison         3
   d - Ice Form                       Ice/Transmutation            4
   e - Blade Hands                    Transmutation                5
Comestibles
 c - 2 bread rations
 k - 2 royal jellies


   Skills:
 - Level 1.0 Fighting
 * Level 3.8 Dodging
 + Level 3.2 Stealth
 + Level 4.6 Unarmed Combat
 - Level 2.0 Spellcasting
 - Level 2.0 Transmutations


You had 2 spell levels left.
You knew the following spells:

 Your Spells              Type           Power        Failure   Level  Hunger
a - Beastly Appendage     Tmut           #.....       10%         1    #......
b - Spider Form           Tmut/Pois      #.........   41%         3    ###....
c - Sticks to Snakes      Tmut           #.......     14%         2    ###....


Dungeon Overview and Level Annotations

Branches:
Dungeon (2/15)

Altars:

Annotations:
D:2 Natasha


Innate Abilities, Weirdness & Mutations

You cannot wear most types of armour.
You are very stealthy in the water. (Stealth+)
You are amphibious.
You can wear up to eight rings at the same time.
You can use your tentacles to constrict eight enemies at once.
Your skin changes colour to match your surroundings (Stealth+).
Your rubbery body absorbs attacks. (AC +1, EV +1)
One of your tentacles bears a large vicious spike.


Message History

Natasha zaps a wand.
The puff of flame hits you!
It is a wand of flame (?/48).
The crimson imp blinks!
Natasha claws you.
You completely miss Natasha.
Your tentacle spike misses Natasha.
Natasha is lightly wounded.
You constrict Natasha. The crimson imp closely misses you.
Natasha barely misses you. The crimson imp hits you.
You completely miss Natasha.
You pierce Natasha, but do no damage.
You squeeze Natasha, but do no damage.
Natasha is heavily wounded.
Your transformation is almost over.
You constrict Natasha.
Natasha zaps a wand.
The puff of flame hits you! The crimson imp closely misses you.
Natasha casts a spell.
The crimson imp closely misses you.
You hit Natasha.
Natasha is severely wounded.
You constrict Natasha. Natasha claws you!
* * * LOW HITPOINT WARNING * * *
The crimson imp hits you.
You die...

.# ### .# ..# .#
#.# .# #.# .# #.#
.#
#######5####.####..
.......5h..).......
#######@####.####..
#########.#.. .#
#####.........#(#
##
#...#.#########.#
##...#.## #.#
#.......# #.#
#.......# ######.#
#.......# #....#.#
######.## #....#)#


You could see Natasha and 2 crimson imps.

Vanquished Creatures
  Sigmund (D:2)
  Natasha (D:2)
  An adder (D:2)
  A dart slug (D:1)
  A leopard gecko (D:2)
  2 giant cockroaches (D:1)
  2 goblins
  3 hobgoblins
  A jackal (D:1)
  7 kobolds
  2 bats (D:1)
  2 frilled lizards (D:1)
  A rat (D:1)
25 creatures vanquished.

Vanquished Creatures (collateral kills)
  Natasha (D:2)
1 creature vanquished.

Grand Total: 26 creatures vanquished

Notes
Turn   | Place    | Note
-------+----------+-------------------------------------------
     0 | D:1      | KleinerIrrer the Octopode Transmuter began the quest for the Orb.
     0 | D:1      | Reached XP level 1. HP: 13/13 MP: 3/3
   482 | D:1      | Reached XP level 2. HP: 18/18 MP: 5/5
   534 | D:1      | Reached skill level 1 in Stealth
  1478 | D:2      | Reached XP level 3. HP: 14/23 MP: 6/6
  2060 | D:2      | Noticed Natasha
  2065 | D:2      | Learned a level 3 spell: Spider Form
  2068 | D:2      | Learned a level 2 spell: Sticks to Snakes
  2075 | D:2      | Killed Natasha
  2140 | D:2      | Noticed Natasha
  2148 | D:2      | Killed Natasha
  2148 | D:2      | Reached skill level 4 in Unarmed Combat
  2148 | D:2      | Reached XP level 4. HP: 14/28 MP: 3/7
  2330 | D:2      | Noticed Sigmund
  2356 | D:2      | Killed Sigmund
  2356 | D:2      | Reached XP level 5. HP: 23/33 MP: 1/8
  2380 | D:2      | Noticed Natasha
  2428 | D:2      | HP: 1/33 [Natasha (10)]
  2428 | D:2      | Slain by a crimson imp

Skill      XL: |  1  2  3  4 |
---------------+-------------+-----
Stealth        | 1 2 3 |  3.2
Dodging        | 3 |  3.8
Unarmed Combat | 4 |  4.6
Fighting       | |  1.0
Spellcasting   | |  2.0
Transmutations | |  2.0

Action                   |  1- 3 |  4- 6 || total
-------------------------+-------+-------++-------
Melee: Unarmed           |    47 |       ||    47
       Constrict         |    15 |     2 ||    17
       Kick              |     9 |     2 ||    11
       Tentacles         |     7 |     3 ||    10
       Punch             |     3 |       ||     3
       Short sword       |    16 |     8 ||    24
 Cast: Beastly Appendage |     7 |     3 ||    10
       Sticks to Snakes  |     3 |     2 ||     5
 Stab: Sleeping          |     5 |       ||     5
  Eat: Chunk             |     3 |     2 ||     5
       Meat ration       |     1 |       ||     1
Armor: Skin              |     5 |       ||     5
Dodge: Dodged            |    41 |    10 ||    51
